 Dungeon Crawl Stone Soup version 0.24.0-37-gcf1ca852f1 (webtiles) character file.

Game seed: 10745633705476352247, levelgen mode: deterministic

123 Iamsoldier the Skirmisher (level 4, -1/55 HPs)
             Began as a Demonspawn Berserker on Nov 27, 2019.
             Was a Believer of Trog.
             Slain by a slave (4 damage)
             ... led by Pikel
             ... on level 3 of the Dungeon.
             The game lasted 00:06:55 (3003 turns).

Iamsoldier the Skirmisher (Demonspawn Berserker)    Turns: 3003, Time: 00:06:56

Health: -1/55      AC:  5    Str: 23    XL:     4   Next: 80%
Magic:  0/4        EV: 12    Int:  8    God:    Trog [**....]
Gold:   128        SH:  0    Dex: 13    Spells: 3/3 levels left

rFire    . . .     SeeInvis .     - Unarmed
rCold    . . .     Gourm    .   (no shield)
rNeg     . . .     Faith    .   l - +0 ring mail
rPois    .         Spirit   +   (no helmet)
rElec    .         Reflect  .   k - scarf {Spirit}
rCorr    .         Harm     .   (no gloves)
MR       .....                  (no boots)
Stlth    ..........             (no amulet)
HPRegen  0.18/turn              (no ring)
MPRegen  0.09/turn              (no ring)

@: mighty, berserking, lightly drained, very quick
A: powered by pain 1
a: Berserk, Trog's Hand, Renounce Religion


You were on level 3 of the Dungeon.
You worshipped Trog.
Trog was pleased with you.
You were very hungry.

You visited 1 branch of the dungeon, and saw 4 of its levels.

You collected 128 gold pieces.

Inventory:

Armour
 k - a scarf of spirit shield (worn)
 l - a +0 ring mail (worn)
 n - a +0 chain mail
Jewellery
 d - an uncursed ring of magical power {unknown}
 h - an uncursed amulet of rage
Scrolls
 a - a scroll of random uselessness {unknown}
 c - 4 scrolls of remove curse {unknown}
 f - 2 scrolls of identify
 g - a scroll of magic mapping {unknown}
 m - 2 scrolls of amnesia {unknown}
 o - a scroll of teleportation {unknown}
 r - 2 scrolls of fear {unknown}
Potions
 e - a potion of resistance
 i - 2 potions of curing
 p - a potion of magic
Comestibles
 b - 3 rations
 q - 5 chunks of flesh


   Skills:
 + Level 3.8(3.4) Fighting
 + Level 2.7(2.3) Armour
 + Level 2.7(2.3) Dodging
 + Level 3.4(3.0) Unarmed Combat


You had 3 spell levels left.
You didn't know any spells.
Your spell library was empty.

Dungeon Overview and Level Annotations

Branches:
Dungeon (4/15)
 Temple: D:4-7

Altars:
Dithmenos
Gozag
Kikubaaqudgha
Sif Muna
Yredelemnul

Annotations:
D:4 Pikel


Innate Abilities, Weirdness & Mutations

You sometimes gain a little power by taking damage.


Message History

A red film seems to cover your vision as you go berserk!
You feel yourself moving faster!
You feel mighty!
You are feeling very hungry.
The slave hits you! The slave hits you but does no damage.
The slave completely misses you. The orc hits you with a +0 club. x2
* * * LOW HITPOINT WARNING * * *
You closely miss the slave. The slave hits you.
* * * LOW HITPOINT WARNING * * *
The slave closely misses you. The slave misses you.
You closely miss the slave. The orc hits you but does no damage.
The orc closely misses you.
You closely miss the slave. The slave barely misses you. The slave hits you.
* * * LOW HITPOINT WARNING * * *
The slave hits you but does no damage.
You punch the slave!
The slave is moderately wounded.
The orc closely misses you. The orc hits you with a +0 club.
* * * LOW HITPOINT WARNING * * *
The slave hits you but does no damage. The slave hits you.
You die...

.# ##.##.............# .######
##..#.............##### ......#
#.............######... ......#
#.............# #.##
......#####........#.#..# #.#
......##..'.......##.#..# #.#
......##.##.......#.##..# #.#
......'..##....po.##.##.## #.#
......#####.....@p.##.#..# #.#
......+..##....po.##_##..# #.#
......##.##.......#.##...# #.#
......##.##.......##.##..# #.#
########.##........##.#..# #.#
......##.##........#.##..# #.#
#####.##.##........#.#...# #.#
................#........# #.##
#####.###<#####.#.############.#.


You could see 3 slaves and 2 orcs.

Vanquished Creatures
  Jessica (D:2)
  3 adders (D:2)
  4 worms
  3 dart slugs
  A leopard gecko (D:3)
  An orc (D:3)
  4 giant cockroaches
  5 goblins
  6 hobgoblins
  3 jackals (D:3)
  6 kobolds
  2 quokkas
  5 bats
  2 frilled lizards
  5 rats
51 creatures vanquished.

Notes
Turn   | Place    | Note
-------+----------+-------------------------------------------
     0 | D:1      | Iamsoldier the Demonspawn Berserker began the quest for the
                  | Orb.
     0 | D:1      | Reached XP level 1. HP: 18/18 MP: 1/1
   263 | D:1      | Gained mutation: You sometimes gain a little power by
                  | taking damage. [demonic ancestry]
   263 | D:1      | Reached XP level 2. HP: 19/24 MP: 2/2
   899 | D:2      | Reached XP level 3. HP: 19/29 MP: 3/3
  1158 | D:2      | Noticed Jessica
  1184 | D:2      | Killed Jessica
  1193 | D:2      | Reached XP level 4. HP: 26/35 MP: 4/4
  1270 | D:2      | Found an opulent altar of Gozag.
  1555 | D:2      | Found a shimmering blue altar of Sif Muna.
  1561 | D:2      | Found a basalt altar of Yredelemnul.
  1561 | D:2      | Found an ancient bone altar of Kikubaaqudgha.
  1561 | D:2      | Found a shadowy altar of Dithmenos.
  2304 | D:3      | Reached ** piety under Trog
  2895 | D:3      | Found a faded altar of an unknown god.
  2917 | D:4      | Noticed Pikel
  2917 | D:4      | Noticed a slave
  2917 | D:4      | Noticed a slave
  2918 | D:4      | Noticed a slave
  2994 | D:4      | Noticed a slave
  3003 | D:3      | Slain by a slave

Levels and vault maps discovered:
D:1:      minmay_arrival_four_circles, layout_rooms, chequers_decorated_corner,
          serial_bayou_lagoon_a
D:2:      layout_loops_ring, grunt_temple_overflow_open,
          nicolae_gozag_cash_rules_everything_around_me, serial_glass,
          glass_columns_b, glass_columns_a, minmay_strange_pillars,
          minmay_strange_pillars, minmay_strange_pillars, feat_on_display,
          uniq_jessica
D:3:      layout_basic, first_ration, chequers_ecumenical_altar_twisty
D:4:      layout_basic, elyvilon_altar_4, uniq_pikel, uniq_duvessa

Skill      XL: |  1  2 |
---------------+-------+-----
Armour         | 2 |  2.7
Dodging        | 2 |  2.7
Unarmed Combat | 3 |  3.4
Fighting       | |  3.8

Action                   |  1- 3 |  4- 6 || total
-------------------------+-------+-------++-------
Melee: Unarmed           |    82 |   142 ||   224
       Punch             |       |     3 ||     3
Invok: Berserk           |     3 |     3 ||     6
  Use: Scroll            |     1 |     2 ||     3
       Potion            |     2 |     2 ||     4
  Eat: Chunk             |     2 |     9 ||    11
Armor: Leather armour    |    18 |       ||    18
       Ring mail         |       |    51 ||    51
Dodge: Dodged            |    60 |    85 ||   145
